 Dungeon Crawl Stone Soup version 0.23.2-1-ga50397a (webtiles) character file.

Game seed: 1172485401424636091

93 schauveau the Cudgeler (level 4, 0/29 HPs)
             Began as a Gargoyle Monk on Apr 27, 2019.
             Slain by an orc
             ... wielding a +4 mace
              (8 damage)
             ... on level 3 of the Dungeon.
             The game lasted 00:02:15 (780 turns).

schauveau the Cudgeler (Gargoyle Monk)               Turns: 780, Time: 00:02:16

Health: 0/29       AC:  5    Str: 16    XL:     4   Next: 62%
Magic:  4/4        EV: 12    Int: 10    God:
Gold:   67         SH:  0    Dex: 12    Spells: 3/3 levels left

rFire    . . .     SeeInvis .   a - +0 mace
rCold    . . .     Gourm    .   (no shield)
rNeg     + . .     Faith    .   b - +0 robe
rPois    ∞         Spirit   .   (no helmet)
rElec    +         Reflect  .   (no cloak)
rCorr    .         Harm     .   (no gloves)
MR       .....                  (no boots)
Stlth    ++........             (no amulet)
HPRegen  0.09/turn              (no ring)
MPRegen  0.09/turn              (no ring)

@: no status effects
A: negative energy resistance 1, electricity resistance, unbreathing,
petrification resistance, rot immunity, AC +3
a: no special abilities


You were on level 3 of the Dungeon.
You were not hungry.

You visited 1 branch of the dungeon, and saw 4 of its levels.

You collected 67 gold pieces.

Inventory:

Hand Weapons
 a - a +0 mace (weapon)
Missiles
 k - 17 stones (quivered)
Armour
 b - a +0 robe (worn)
Jewellery
 h - an uncursed ring of protection from cold {unknown}
Scrolls
 d - a scroll of teleportation {unknown}
 i - a scroll of magic mapping {unknown}
 l - a scroll of enchant armour {unknown}
Potions
 e - a potion of cancellation {unknown}
 g - a potion of heal wounds {unknown}
Comestibles
 c - 2 rations


   Skills:
 + Level 4.0 Fighting
 * Level 4.2 Maces & Flails
 + Level 2.0 Armour
 - Level 2.4 Dodging
 - Level 2.1 Stealth


You had 3 spell levels left.
You didn't know any spells.
Your spell library was empty.

Dungeon Overview and Level Annotations

Branches:
Dungeon (4/15)
 Temple: D:4-7

Altars:
Kikubaaqudgha
Makhleb
Qazlal


Innate Abilities, Weirdness & Mutations

You are resistant to torment.
Your stone body is resilient. (AC +3)
You are immune to poison.
You resist negative energy. (rN+)
You are resistant to electric shocks. (rElec)
You can survive without breathing.
You are immune to petrification.
You are immune to rotting.


Message History

You hit the orc wizard but do no damage.
The orc wizard is almost dead.
You hit the orc but do no damage. The orc hits you but does no damage.
You hit the orc.
The orc is heavily wounded.
The orc barely misses you.
You hit the orc.
You kill the orc!
You hit the orc wizard.
You kill the orc wizard!
Your Fighting skill increases to level 4!
Your Armour skill increases to level 2!
The orc closely misses you.
You barely miss the orc.
The orc is lightly wounded.
The orc hits you but does no damage.
You hit the orc but do no damage.
The orc is lightly wounded.
The orc hits you with a +4 mace!
You die...

.....................<##.#.
###.##.###.#.#.#<######.#. #.#
#.#...#.# #.#. #.# #.##..#.#
#.#. #.# #.##....# #.#.
#+##.###.###.#### #.#.
######.#.............#####.#.
##.....)....###.##.......##.#.
......†(...oo@................
##..........###.###..###.##.##
############ #+# ##.###.##.#
#.##.....# ...#####.# ##.# #.#
#.# #.# #.#


You could see 2 orcs.

Vanquished Creatures
  An orc priest (D:3)
  An orc wizard (D:3)
  An adder (D:1)
  An ooze (D:1)
  2 leopard geckos (D:1)
  2 orcs (D:3)
  A goblin (D:3)
  A hobgoblin (D:1)
  2 jackals (D:3)
  2 kobolds (D:3)
  3 bats
  2 frilled lizards
19 creatures vanquished.

Notes
Turn   | Place    | Note
-------+----------+-------------------------------------------
     0 | D:1      | schauveau the Gargoyle Monk began the quest for the Orb.
     0 | D:1      | Reached XP level 1. HP: 14/14 MP: 1/1
   234 | D:1      | Reached XP level 2. HP: 11/19 MP: 2/2
   240 | D:1      | Reached skill level 1 in Armour
   449 | D:3      | Reached XP level 3. HP: 21/23 MP: 3/3
   498 | D:3      | Found an ancient bone altar of Kikubaaqudgha.
   499 | D:3      | Found a stormy altar of Qazlal.
   499 | D:3      | Found a burning altar of Makhleb.
   760 | D:3      | Reached XP level 4. HP: 12/29 MP: 4/4
   769 | D:3      | HP: 1/29 [orc/+4 mace (6)]
   780 | D:3      | Slain by an orc

Skill      XL: |  1  2  3  4 |
---------------+-------------+-----
Armour         | 1 2 |  2.0
Maces & Flails | 4 |  4.2
Fighting       | 4 |  4.0
Dodging        | |  2.4
Stealth        | |  2.1

Action                   |  1- 3 |  4- 6 || total
-------------------------+-------+-------++-------
Melee: Mace              |    64 |    11 ||    75
  Use: Potion            |       |     1 ||     1
 Stab: Sleeping          |     2 |       ||     2
Armor: Robe              |    33 |     2 ||    35
Dodge: Dodged            |    78 |     4 ||    82
